 Dungeon Crawl Stone Soup version 0.20.1-1-g8b1a95d (webtiles) character file.

106572 Hasart the Devastator (level 15, -4/126 HPs)
             Began as a Pale Draconian Wizard on Sept 24, 2017.
             Was a High Priest of Hepliaklqana.
             Killed from afar by Roxanne (49 damage)
             ... with an iron shot
             ... on level 1 of the Spider Nest on Sept 26, 2017.
             The game lasted 02:43:17 (38807 turns).

Hasart the Devastator (Pale Draconian Wizard)      Turns: 38807, Time: 02:43:18

Health: -4/126     AC: 15    Str:  9    XL:     15   Next: 97%
Magic:  2/30       EV: 14    Int: 25    God:    Hepliaklqana [*****.]
Gold:   996        SH: 11    Dex: 10    Spells: 13/37 levels left

rFire    . . .     SeeInvis +   j - +6 spear "Ysad" {holy, rC+}
rCold    + . .     Gourm    .   t - +2 buckler
rNeg     . . .     Faith    .   (armour unavailable)
rPois    +         Spirit   .   i - +2 hat {MR+}
rElec    .         Reflect  +   A - scarf {cloud immunity}
rCorr    .         Harm     .   I - +1 pair of gloves
MR       ++...                  h - +1 pair of boots {Fly}
Stlth    ++........             y - +4 amulet of reflection
Regen    0.4/turn               D - ring of poison resistance
MPRegen  0.3/turn               G - ring of see invisible

@: flying
A: breathe steam, unfitting armour, reduced essence, fangs 1, robust 1,
cold-blooded, AC +9
a: Breathe Steam, Recall Ancestor, Ancestor Identity, Transference, Idealise,
Renounce Religion, Stop Flying


You were on level 1 of the Spider Nest.
You worshipped Hepliaklqana.
Hepliaklqana was extremely pleased with you.
You were not hungry.

You visited 4 branches of the dungeon, and saw 24 of its levels.
You also visited: Bailey.

You collected 2402 gold pieces.
You spent 1406 gold pieces at shops.

Inventory:

Hand Weapons
 f - a +4 spear of venom
 j - the +6 spear "Ysad" (weapon) {holy, rC+}
   (You bought it in a shop on level 2 of the Orcish Mines)

   It has been blessed by the Shining One to cause great damage to the undead
   and demons.
   It protects you from cold.
Armour
 h - a +1 pair of boots of flying (worn)
 i - a +2 hat of magic resistance (worn)
 t - a +2 buckler (worn)
 A - a scarf of cloud immunity (worn)
 I - a +1 pair of gloves (worn)
 U - a +0 shield
Magical Staves
 C - an uncursed staff of wizardry
Jewellery
 q - an uncursed ring of ice
 v - an uncursed ring of wizardry
 y - a +4 amulet of reflection (around neck)
 D - a ring of poison resistance (left hand)
 G - a ring of see invisible (right hand)
 L - an uncursed ring of magical power
 Q - a +4 ring of evasion
 R - an uncursed ring of fire
Wands
 a - a wand of paralysis (6/24)
 b - a wand of confusion (25/48)
 u - a wand of lightning (6/15)
 x - a wand of clouds (8/9)
 H - a wand of iceblast (6/15)
 O - a wand of digging (19/24)
Scrolls
 e - a scroll of amnesia {unknown}
 g - 20 scrolls of identify
 l - 3 scrolls of magic mapping
 m - 10 scrolls of remove curse
 p - 5 scrolls of teleportation
 M - 2 scrolls of blinking
 T - a scroll of fear
Potions
 d - 3 potions of curing
 k - a potion of mutation
 o - 3 potions of heal wounds
 r - 2 potions of magic
 s - a potion of degeneration {unknown}
 w - 2 potions of lignification
 B - a potion of haste
 F - 2 potions of cancellation
 X - a potion of might
Books
 n - a book of Power

   Spells                             Type                      Level
   a - Iskenderun's Battlesphere      Conjuration/Charms           5
   b - Venom Bolt                     Conjuration/Poison           5
   c - Bolt of Magma                  Conjuration/Fire/Earth       5
   d - Iron Shot                      Conjuration/Earth            6
   e - Orb of Destruction             Conjuration                  7
   f - Spellforged Servitor           Conjuration/Summoning        7
Miscellaneous
 z - a sack of spiders
 K - a phial of floods
Comestibles
 c - 11 bread rations


   Skills:
 - Level 9.9 Fighting
 - Level 9.5 Polearms
 - Level 5.5 Dodging
 - Level 2.4 Stealth
 - Level 8.0 Shields
 + Level 11.5 Spellcasting
 * Level 16.2 Conjurations
 - Level 1.0 Summonings
 - Level 1.0 Translocations
 * Level 11.5 Fire Magic
 - Level 7.7 Invocations


You had 13 spell levels left.
You knew the following spells:

 Your Spells              Type           Power        Failure   Level  Hunger
a - Magic Dart            Conj           ####         0%          1    None
b - Blink                 Tloc           N/A          4%          2    None
c - Iskenderun's Battles  Conj/Chrm      ######..     4%          5    ###....
d - Mephitic Cloud        Conj/Pois/Air  #####...     1%          3    None
e - Fireball              Conj/Fire      ######....   1%          5    ###....
f - Bolt of Fire          Conj/Fire      ######....   2%          6    #####..
g - Call Imp              Summ           ###.....     4%          2    None


Dungeon Overview and Level Annotations

Branches:
Dungeon (15/15) Temple (0/1) D:4 Lair (6/6) D:9 Shoals (0/4) Lair:2 Spider (1/4) Lair:4 Slime (0/5) Lair:6 Orc (2/2) D:10 Elf (0/3) Orc:2 Vaults (0/5) D:12 D:13 Depths (0/5) D:15

Altars:
Dithmenos
Elyvilon
Hepliaklqana
Makhleb
Nemelex Xobeh
Okawaru
Vehumet
Xom
Yredelemnul
Zin
The Shining One
Jiyva

Shops:
D:6 *%:=   D:10 [(   Orc:2 }(%(

Annotations:
Spider:1 exclusion: Roxanne, Roxanne


Innate Abilities, Weirdness & Mutations

You can breathe blasts of scalding, opaque steam.
Your pale cyan-grey scales are hard. (AC +9)
You cannot fit into any form of body armour.
You are cold-blooded and may be slowed by cold attacks.
Your life essence is reduced to manifest your ancestor. (-10% HP)
You have very sharp teeth.
You are robust. (+10% HP)


Message History

Press: ? - help, Shift-Dir - straight line The fireball explodes!
Roxanne mumbles some strange words.
The iron shot misses Shatu-murrim.
The iron shot hits you!
Shatu-murrim hits Roxanne but does no damage.
Roxanne casts a spell.
Shatu-murrim blinks!
You hit Roxanne but do no damage.
Roxanne is almost destroyed.
You hit Roxanne but do no damage.
Roxanne is almost destroyed.
Roxanne mumbles some strange words.
The orb of energy hits you!
The orb of energy explodes!
Roxanne mumbles some strange words.
The bolt of magma hits you!
Shatu-murrim hits Roxanne with a dagger of draining.
Roxanne asks, "Could you be a darling and pick up those spellbooks for me?"
Roxanne casts a spell.
The iron shot hits you!
You die...

#..####..#.>####.^.#
.#.#..#..#..#...#...###
.........##...###......
...........^.##^..##..#
.#######...#......##...
##)...#...##...####.... ##
#.....##...##.....####. ...
#...^.#$..###....##..#.
....###.#.@....#..#......##
##........#...##.#.#..###.
#.....8...#.#..#####....#.
...#..R[..###...###..#....
#.#...####..##.####.... #
##....#^..#...#^..#<#
.....###...####..###
..#.#..#...##.#.....#
.#####..#....#...#..##


You could see the friendly Shatu-murrim the hexer and Roxanne.

Vanquished Creatures
  Rupert (Lair:5)
  Gastronok (D:9)
  Kirke (Spider:1)
  The ghost of Asgaroth the Unseen, a journeyman KoBe of Trog (Orc:1)
  An entropy weaver (Spider:1)
  The ghost of Somber the Protected, a journeyman HuFi of Okawaru (Orc:2)
  Snorg (D:11)
  Harold (Lair:4)
  7 hydras
  3 centaur warriors
  A deep troll shaman (Lair:6)
  5 death yaks (Lair:6)
  8 two-headed ogres
  2 tengu warriors
  An ogre mage (D:13)
  A vampire mage (D:15)
  6 orc high priests
  Nergalle (D:11)
  A skeletal warrior (D:15)
  An unseen horror (D:14)
  2 lindwurms (Lair:6)
  A necromancer (D:15)
  A wolf spider zombie (D:14)
  4 orc knights
  An orb spider (Spider:1)
  A stone giant zombie (D:15)
  An oklob plant (Lair:5)
  5 wolf spiders (Spider:1)
  4 ugly things
  2 manticores
  5 cyclopes
  3 orc sorcerers
  A moth of wrath (Lair:4)
  4 black mambas
  6 elephants (Lair:6)
  A gargoyle (D:14)
  7 spiny frogs
  2 demonic crawlers
  6 komodo dragons
  4 rime drakes (Lair:3)
  An efreet (D:13)
  3 kobold demonologists (D:14)
  A tengu conjurer (D:15)
  2 trolls
  4 jumping spiders
  3 hornets
  2 polar bears
  3 hippogriffs
  5 blink frogs
  2 ice dragon zombies (D:15)
  5 slime creatures (D:13)
  A centaur simulacrum (D:14)
  9 redbacks
  A spriggan (D:14)
  A wyvern (Lair:1)
  2 vampires
  A fire dragon skeleton (D:15)
  7 tarantellas
  A shadow (D:12)
  A wraith (D:15)
  19 yaks
  Eustachio (D:5)
  5 basilisks
  13 humans
  2 steam dragons
  A hungry ghost (D:13)
  A harpy simulacrum (D:14)
  3 porcupines
  3 wargs
  An acid dragon (D:12)
  14 water moccasins
  31 orc warriors
  An eye of draining (D:15)
  4 ice beasts
  An eye of draining (shapeshifter) (D:12)
  2 necrophages
  A phantom (D:5)
  2 black bears
  9 ogres
  13 centaurs
  11 wolves
  3 big kobolds
  12 crocodiles
  10 bullfrogs
  5 gnoll sergeants (Bailey)
  A wyvern skeleton (D:11)
  6 scorpions
  24 killer bees
  2 electric eels
  2 howler monkeys
  2 lava snakes (Lair:3)
  3 bullfrog zombies
  3 centaur zombies
  6 crimson imps
  31 orc priests
  5 gnoll shamans (Bailey)
  7 hounds
  3 jellies
  4 centaur skeletons
  3 bullfrog skeletons
  2 hexers
  2 iguanas
  Natasha (twice) (D:3)
  24 orc wizards
  12 worker ants
  2 bullfrog simulacra (D:10)
  A hound zombie (D:10)
  2 hound skeletons
  4 worker ant zombies
  A howler monkey zombie (D:11)
  18 gnolls
  12 adders
  5 shadow imps
  12 white imps
  A worker ant simulacrum (D:10)
  An ufetubus (D:10)
  An ooze (D:7)
  3 adder zombies
  An adder skeleton (D:6)
  3 worms
  2 dart slugs (D:1)
  8 leopard geckos
  91 orcs
  A bat skeleton (D:2)
  A bat zombie (D:2)
  4 giant cockroaches
  8 goblins
  9 hobgoblins
  3 jackals (D:4)
  6 quokkas
  2 ball pythons
  9 bats
  4 frilled lizards
  A giant cockroach zombie (D:5)
  A jackal skeleton (D:5)
  29 kobolds
  A leopard gecko skeleton (D:2)
  A quokka skeleton (D:6)
  11 rats
  5 plants
  A withered plant (D:15)
738 creatures vanquished.

Vanquished Creatures (collateral kills)
  Frances (D:13)
  A dire elephant (Lair:6)
  2 hydras (Lair:1)
  A centaur warrior (D:13)
  A catoblepas (Lair:6)
  Erica (Lair:2)
  A fire crab (Lair:5)
  A skeletal warrior (D:15)
  3 orc knights
  An ugly thing (D:13)
  2 cyclopes (D:15)
  2 wolf spiders (Spider:1)
  2 elephants (Lair:6)
  A torpor snail (Spider:1)
  2 molten gargoyles (Lair:3)
  A kobold demonologist (D:14)
  4 spiny frogs
  2 komodo dragons
  2 polar bears
  2 trolls (D:10)
  A jumping spider (Spider:1)
  A blink frog (Lair:5)
  A hippogriff (D:10)
  2 redbacks (Spider:1)
  6 yaks
  A hog (Spider:1)
  A basilisk (Lair:6)
  3 humans (D:12)
  A hungry ghost (D:14)
  A warg (Orc:2)
  6 water moccasins
  3 ice beasts
  A phantom (D:4)
  13 orc warriors
  2 ogres
  7 wolves
  4 centaurs
  3 big kobolds
  2 crocodiles
  6 bullfrogs
  3 gnoll sergeants (Bailey)
  A wyvern skeleton (D:12)
  7 killer bees
  A howler monkey (D:11)
  2 lava snakes (Lair:3)
  A crimson imp (D:7)
  A jelly (D:12)
  9 orc priests
  A gnoll shaman (Bailey)
  Natasha (D:3)
  8 orc wizards
  3 worker ants
  A hound skeleton (D:4)
  A worker ant zombie (D:7)
  6 gnolls
  3 adders
  A shadow imp (D:9)
  2 white imps
  An ooze (D:3)
  26 orcs
  4 goblins
  A hobgoblin (D:3)
  A jackal (D:4)
  9 kobolds
  A quokka (D:5)
  A ball python (D:4)
194 creatures vanquished.

Vanquished Creatures (others)
  6 humans (Spider:1)
  A centaur (D:13)
  A killer bee (D:11)
  A lava snake (Lair:3)
  27 hexers
  A worm (D:4)
  A kobold (D:4)
  2 bushes (Lair:3)
  14 fungi
  10 plants
64 creatures vanquished.

Grand Total: 996 creatures vanquished

Notes
Turn   | Place    | Note
-------+----------+-------------------------------------------
     0 | D:1      | Hasart the Draconian Wizard began the quest for the Orb.
     0 | D:1      | Reached XP level 1. HP: 14/14 MP: 4/4
   153 | D:1      | Reached XP level 2. HP: 11/20 MP: 6/6
  1040 | D:1      | Reached XP level 3. HP: 22/26 MP: 8/8
  1246 | D:2      | Found a basalt altar of Yredelemnul.
  1470 | D:2      | Reached skill level 1 in Polearms
  1574 | D:2      | Learned a level 2 spell: Call Imp
  1577 | D:2      | Learned a level 2 spell: Blink
  1610 | D:2      | Learned a level 3 spell: Mephitic Cloud
  1637 | D:2      | Reached XP level 4. HP: 25/33 MP: 9/9
  1816 | D:2      | Reached skill level 2 in Conjurations
  2072 | D:2      | Reached skill level 1 in Fighting
  2080 | D:2      | Reached XP level 5. HP: 17/40 MP: 10/10
  2425 | D:3      | Noticed Natasha
  2430 | D:3      | Killed Natasha
  2529 | D:3      | Found a faded altar of an unknown god.
  2620 | D:3      | Found an iron altar of Okawaru.
  2726 | D:3      | Became a worshipper of Hepliaklqana the Forgotten
  2726 | D:3      | Reached * piety under Hepliaklqana
  2891 | D:3      | Noticed Natasha
  2899 | D:3      | Killed Natasha
  3223 | D:3      | Reached skill level 3 in Conjurations
  3432 | D:3      | Noticed Natasha
  3439 | D:3      | Killed Natasha
  3439 | D:3      | Reached XP level 6. HP: 40/43 MP: 12/12
  3476 | D:3      | Found a radiant altar of Vehumet.
  3530 | D:4      | Found a burning altar of Makhleb.
  4029 | D:4      | Reached skill level 4 in Conjurations
  4046 | D:4      | Your scales start taking on a pale cyan-grey colour.
  4046 | D:4      | Reached XP level 7. HP: 23/50 MP: 12/14
  4674 | D:4      | Found a staircase to the Ecumenical Temple.
  4777 | D:5      | Entered Level 5 of the Dungeon
  4992 | D:5      | Reached ** piety under Hepliaklqana
  4993 | D:5      | Remembered your ancestor Shatu-murrim as a hexer
  5031 | D:5      | Reached skill level 5 in Spellcasting
  5169 | D:5      | Reached skill level 5 in Conjurations
  5368 | D:5      | Noticed Eustachio
  5373 | D:5      | Killed Eustachio
  5381 | D:5      | Reached XP level 8. HP: 38/56 MP: 15/15
  5487 | D:5      | Found a white marble altar of Elyvilon.
  6110 | D:6      | Found Ycihy's Book Shoppe.
  6167 | D:6      | Found Ezeh's Food Shoppe.
  6169 | D:6      | Found Valu's General Store.
  6417 | D:6      | Reached skill level 6 in Conjurations
  6484 | D:6      | Found Bailuthru's Jewellery Boutique.
  6501 | D:6      | Bought an uncursed ring of see invisible for 165 gold pieces
  6750 | D:6      | Found a glowing golden altar of the Shining One.
  7398 | D:7      | Reached skill level 7 in Conjurations
  7908 | D:7      | Reached skill level 5 in Polearms
  7992 | D:7      | Found a hazy altar of Hepliaklqana.
  8027 | D:8      | Found a sparkling altar of Nemelex Xobeh.
  8034 | D:8      | Reached XP level 9. HP: 63/65 MP: 18/18
  8035 | D:8      | Found a shimmering altar of Xom.
  8038 | D:8      | Found a glowing silver altar of Zin.
  8105 | D:8      | Reached skill level 5 in Fighting
  8114 | D:8      | Reached *** piety under Hepliaklqana
  8223 | D:8      | Noticed a two-headed ogre
  8274 | D:8      | Killed a two-headed ogre
  8274 | D:8      | Reached skill level 8 in Conjurations
  8430 | D:8      | Noticed a centaur warrior
  8457 | D:8      | Killed a centaur warrior
  8706 | D:8      | Reached XP level 10. HP: 75/75 MP: 20/20
  8720 | D:8      | Reached skill level 9 in Conjurations
  9045 | D:8      | Noticed a two-headed ogre
  9046 | D:8      | Noticed a two-headed ogre
  9053 | D:8      | Killed a two-headed ogre
  9057 | D:8      | Killed a two-headed ogre
  9132 | D:8      | Reached skill level 10 in Conjurations
  9565 | D:9      | Gained mutation: You are robust. (+10% HP) [potion of mutation]
  9565 | D:9      | Gained mutation: You have very sharp teeth. [potion of mutation]
  9583 | D:9      | Identified 2 scrolls of acquirement
  9585 | D:9      | Noticed Gastronok
  9638 | D:9      | Killed Gastronok
  9638 | D:9      | Reached XP level 11. HP: 94/94 MP: 18/23
  9775 | D:9      | Found a staircase to the Lair.
  9922 | D:9      | Found a shadowy altar of Dithmenos.
 10587 | D:10     | Entered Level 10 of the Dungeon
 10587 | D:10     | Found Ofuqu's Armour Shoppe.
 10589 | D:10     | Found a staircase to the Orcish Mines.
 10619 | D:10     | Reached **** piety under Hepliaklqana
 10619 | D:10     | Found Qekozec's Weapon Shoppe.
 10845 | D:10     | Found a flagged portal.
 10853 | Bailey   | Entered a bailey
 10905 | Bailey   | Reached skill level 11 in Conjurations
 12542 | Orc:1    | Entered Level 1 of the Orcish Mines
 12542 | Orc:1    | Noticed an orc sorcerer
 12548 | Orc:1    | Paralysed by an orc sorcerer for 5 turns
 12811 | Lair:1   | Entered Level 1 of the Lair of Beasts
 12966 | Lair:1   | Noticed a four-headed hydra
 12982 | Lair:1   | Killed a four-headed hydra
 13016 | Lair:1   | Reached ***** piety under Hepliaklqana
 13036 | Lair:1   | Noticed a four-headed hydra
 13045 | Lair:1   | Killed a four-headed hydra
 13645 | Lair:2   | Noticed Erica
 13657 | Lair:2   | Killed Erica
 13657 | Lair:2   | Reached skill level 12 in Conjurations
 13668 | Lair:2   | Noticed a four-headed hydra
 13739 | Lair:2   | Killed a four-headed hydra
 13818 | Lair:2   | Reached XP level 12. HP: 77/103 MP: 24/24
 13904 | Lair:2   | Reached skill level 1 in Invocations
 14428 | Lair:2   | Found a staircase to the Shoals.
 15178 | Lair:3   | Noticed Rupert
 15198 | Lair:3   | Noticed an eight-headed hydra
 15354 | Lair:3   | Killed an eight-headed hydra
 15497 | Lair:3   | Paralysed by Rupert for 5 turns
 15503 | Lair:3   | Paralysed by Rupert for 5 turns
 17154 | Lair:3   | Reached skill level 5 in Dodging
 17728 | Lair:4   | Noticed Harold
 17755 | Lair:4   | Killed Harold
 17875 | Lair:4   | Found a hole to the Spider Nest.
 18184 | Lair:4   | Reached ****** piety under Hepliaklqana
 18857 | Lair:5   | Reached skill level 1 in Shields
 18881 | Lair:5   | Reached skill level 13 in Conjurations
 18920 | Lair:5   | Reached XP level 13. HP: 113/113 MP: 26/26
 19073 | Lair:5   | Learned a level 5 spell: Fireball
 19687 | Lair:6   | Entered Level 6 of the Lair of Beasts
 19687 | Lair:6   | Found a viscous altar of Jiyva.
 19687 | Lair:6   | Found a staircase to the Slime Pits.
 19713 | Lair:6   | Reached skill level 1 in Fire Magic
 19727 | Lair:6   | Paralysed by Rupert for 6 turns
 20603 | Lair:6   | Reached skill level 5 in Invocations
 20744 | Lair:5   | Killed Rupert
 21264 | Lair:6   | Noticed a dire elephant
 21280 | Lair:6   | Killed a dire elephant
 21293 | Lair:6   | Reached skill level 10 in Spellcasting
 21300 | Lair:6   | Reached skill level 5 in Fire Magic
 22169 | Lair:6   | Reached skill level 14 in Conjurations
 22507 | Lair:6   | Reached XP level 14. HP: 81/119 MP: 26/28
 24156 | Orc:1    | Reached skill level 5 in Shields
 24392 | Orc:1    | Noticed Asgaroth's ghost (journeyman KoBe)
 24397 | Orc:1    | Killed Asgaroth's ghost
 24704 | Orc:2    | Entered Level 2 of the Orcish Mines
 24893 | Orc:2    | Found a staircase to the Elven Halls.
 25069 | Orc:2    | Noticed Somber's ghost (journeyman HuFi)
 25162 | Orc:1    | HP: 5/119 [orc warrior/trident (12)]
 26998 | Orc:2    | Killed Somber's ghost
 28249 | Orc:2    | Found Nuyrus's Weapon Shop.
 28249 | Orc:2    | Found Educofal's Gadget Shop.
 28250 | Orc:2    | Found Vuev's Food Boutique.
 28250 | Orc:2    | Found Umups's Antique Weapon Shop.
 28273 | Orc:2    | Bought the +6 spear "Ysad" {holy, rC+} for 691 gold pieces
 28322 | Orc:2    | Paralysed by an orc sorcerer for 5 turns
 28897 | D:11     | Paralysed by a hornet for 3 turns
 29837 | D:12     | Learned a level 6 spell: Bolt of Fire
 30469 | D:11     | Noticed Nergalle
 30478 | D:11     | Killed Nergalle
 30496 | D:11     | Noticed Snorg
 30507 | D:11     | Killed Snorg
 31383 | D:13     | Found a gate to the Vaults.
 31390 | D:12     | Reached XP level 15. HP: 99/126 MP: 7/29
 31444 | D:12     | Reached skill level 15 in Conjurations
 32765 | D:13     | Noticed Frances
 32790 | D:13     | Killed Frances
 32790 | D:13     | Reached skill level 10 in Fire Magic
 34206 | D:15     | Entered Level 15 of the Dungeon
 34948 | D:15     | Found a staircase to the Depths.
 35032 | D:14     | Learned a level 5 spell: Iskenderun's Battlesphere
 36057 | D:6      | Bought an uncursed ring of wizardry for 330 gold pieces
 36057 | D:6      | Bought an uncursed ring of poison resistance for 220 gold pieces
 36339 | Spider:1 | Entered Level 1 of the Spider Nest
 36800 | Spider:1 | Noticed Kirke
 36806 | Spider:1 | Killed Kirke
 36806 | Spider:1 | Reached skill level 16 in Conjurations
 38025 | Spider:1 | Noticed Roxanne
 38807 | Spider:1 | Killed from afar by Roxanne

Skill      XL: |  1  2  3  4  5  6  7  8  9 10 11 12 13 14 15 |
---------------+----------------------------------------------+-----
Dodging        | 2 4 5 |  5.5
Stealth        | 2 |  2.4
Polearms       | 1 2 3 5 6 7 8 9 |  9.5
Conjurations   | 2 3 4 5 7 8 10 12 13 14 16 | 16.2
Fighting       | 1 2 3 4 6 7 8 9 |  9.9
Spellcasting   | 4 5 6 7 8 9 10 11 | 11.5
Invocations    | 4 6 7 |  7.7
Shields        | 1 4 6 8 |  8.0
Fire Magic     | 6 9 11 | 11.5
Summonings     | |  1.0
Translocations | |  1.0

Action                   |  1- 3 |  4- 6 |  7- 9 | 10-12 | 13-15 || total
-------------------------+-------+-------+-------+-------+-------++-------
Melee: Mace              |    12 |       |       |       |       ||    12
       Club              |     4 |       |       |       |       ||     4
       Whip              |     2 |       |       |       |       ||     2
       Tailslap          |     4 |    13 |    26 |    53 |   162 ||   258
       Spear             |    92 |   195 |   315 |   881 |  1840 ||  3323
       Bite              |       |       |       |    57 |   145 ||   202
       Glaive            |       |       |       |       |   155 ||   155
 Cast: Magic Dart        |     4 |     4 |     3 |    18 |   105 ||   134
       Call Imp          |       |     2 |     2 |    28 |    26 ||    58
       Blink             |       |     1 |     1 |     6 |    10 ||    18
       Mephitic Cloud    |       |       |     1 |    20 |    89 ||   110
       Fireball          |       |       |       |       |   130 ||   130
       Bolt of Fire      |       |       |       |       |    24 ||    24
       Iskenderun's Batt |       |       |       |       |    17 ||    17
Invok: Ancestor Identity |       |     1 |       |       |       ||     1
       Ancestor Life: He |       |       |     1 |       |       ||     1
       Recall Ancestor   |       |       |     1 |     2 |     6 ||     9
       Transference      |       |       |       |       |     1 ||     1
       Idealise          |       |       |       |       |     1 ||     1
 Abil: Breathe Steam     |       |       |    18 |    62 |    24 ||   104
       Stop Flying       |       |       |       |     1 |       ||     1
       Evoke Flight      |       |       |       |     1 |       ||     1
Evoke: Wand              |       |       |       |       |     5 ||     5
  Use: Scroll            |       |       |     1 |    19 |     6 ||    26
       Potion            |       |       |     1 |     9 |     6 ||    16
 Stab: Sleeping          |     6 |     5 |     8 |     6 |     4 ||    29
       Confused          |       |       |     6 |    18 |    90 ||   114
       Distracted        |       |       |     2 |     8 |    14 ||    24
       Paralysed         |       |       |       |       |    47 ||    47
  Eat: Chunk             |     2 |     5 |     6 |    36 |    59 ||   108
       Royal jelly       |       |     1 |       |     1 |     5 ||     7
       Meat ration       |       |       |     2 |       |     2 ||     4
       Fruit             |       |       |     1 |     4 |       ||     5
       Bread ration      |       |       |       |       |     4 ||     4
Armor: Skin              |    34 |    45 |    60 |   149 |   369 ||   657
Dodge: Dodged            |    62 |    95 |   131 |   393 |   911 ||  1592
Block: Other             |       |    10 |    20 |    91 |   158 ||   279
       Reflection        |       |       |       |     4 |    13 ||    17
       Buckler           |       |       |       |       |     6 ||     6
